 Dungeon Crawl Stone Soup version 0.29-a0-23-ga79f92ac9c (webtiles) character file.

Game seed: 908551005266837446

66731 siradein the Geomancer (level 14, -9/106 (113) HPs)
             Began as a Yellow Draconian Earth Elementalist on Jan 29, 2022.
             Was a High Priest of Vehumet.
             Killed from afar by a tengu reaver (41 damage)
             ... with a bolt of negative energy
             ... on level 12 of the Dungeon on Jan 31, 2022.
             The game lasted 01:30:55 (30655 turns).

siradein the Geomancer (DrEE)                      Turns: 30655, Time: 01:30:56

HP:   -9/106 (113)  AC: 12    Str: 10    XL:     14   Next: 80%
MP:   22/39         EV: 27    Int: 20    God:    Vehumet [*****.]
Gold: 1440          SH:  0    Dex: 13    Spells: 13/37 levels left

rFire   . . .      SeeInvis .   D - staff of earth
rCold   + . .      Faith    .   (no shield)
rNeg    . . .      Spirit   .   (armour unavailable)
rPois   .          Reflect  .   n - +1 hat
rElec   .          Harm     .   L - +0 cloak
rCorr   +          Rampage  .   w - +0 pair of gloves
Will    +....                   h - +0 pair of boots
Stlth   ++........              U - amulet of the acrobat
HPRegen 0.27/turn               j - ring of magical power
MPRegen 0.26/turn               Q - ring of protection from cold

@: lethally poisoned (-9 -> -30), acrobatic, drained
A: spit acid, AC +8, unfitting armour, acidic bite, cold-blooded, acid
resistance
a: Breathe Acid, Renounce Religion


You were on level 12 of the Dungeon.
You worshipped Vehumet.
Vehumet was extremely pleased with you.
You visited 3 branches of the dungeon, and saw 20 of its levels.
You also visited: Sewer and Ice Cave.

You collected 1548 gold pieces.
You spent 108 gold pieces at shops.

Inventory:

Missiles
 b - 774 stones
Armour
 h - a +0 pair of boots (worn)
 n - a +1 hat (worn)
 w - a +0 pair of gloves (worn)
 L - a +0 cloak (worn)
 S - an orb of energy
Magical Staves
 x - a staff of poison
 C - a staff of fire
 D - a staff of earth (weapon)
 V - a staff of cold
Jewellery
 c - a ring of positive energy
 j - a ring of magical power (left hand)
 J - an amulet of guardian spirit
 Q - a ring of protection from cold (right hand)
 U - an amulet of the acrobat (around neck)
Wands
 v - a wand of paralysis (15)
 G - a wand of iceblast (5)
 H - a wand of mindburst (14)
 I - a wand of polymorph (11)
 N - a wand of charming (5)
 P - a wand of acid (5)
Scrolls
 d - 5 scrolls of enchant armour
 g - 4 scrolls of enchant weapon
 k - a scroll of blinking
 m - 4 scrolls of immolation
 q - 3 scrolls of teleportation
 t - 5 scrolls of fear
 u - a scroll of holy word
 y - 4 scrolls of fog
 E - a scroll of magic mapping
 F - 3 scrolls of amnesia
 Y - a scroll of acquirement {unknown}
 Z - a scroll of silence {unknown}
Potions
 a - 5 potions of flight
 e - 6 potions of brilliance
 f - 6 potions of attraction
 l - 2 potions of mutation
 o - 4 potions of curing
 p - 4 potions of cancellation
 r - 3 potions of haste {unknown}
 s - 3 potions of invisibility {unknown}
 z - a potion of magic {unknown}
 B - 3 potions of heal wounds
 M - a potion of berserk rage {unknown}
 O - 5 potions of ambrosia
 R - 2 potions of lignification {unknown}
 T - a potion of resistance {unknown}
 X - a potion of might {unknown}
Miscellaneous
 W - a tin of tremorstones (2/2)


   Skills:
 + Level 7.2 Fighting
 - Level 1.7 Dodging
 - Level 1.7 Stealth
 + Level 12.4 Spellcasting
 + Level 12.3 Conjurations
 + Level 11.3 Necromancy
 - Level 1.0 Transmutations
 + Level 13.7 Earth Magic
 + Level 6.7 Evocations


You had 13 spell levels left.
You knew the following spells:

 Your Spells              Type           Power      Damage    Failure   Level
a - Sandblast             Erth           100%       2d20      0%          1
b - Stone Arrow           Conj/Erth      100%       3d13      1%          3
c - Passwall              Tmut/Erth      48%        N/A       1%          2
d - Borgnjor's Vile Clut  Necr/Erth      38%        N/A       1%          5
e - Mephitic Cloud        Conj/Pois/Air  28%        N/A       1%          3
f - Freezing Cloud        Conj/Ice/Air   14%        6-21      8%          5
g - Lee's Rapid Deconstr  Erth           39%        3d20*     1%          5

Your spell library contained the following spells:

 Spells                   Type           Power      Damage    Failure   Level
 Magic Dart               Conj           100%       1d8       1%          1
 Corpse Rot               Necr/Air       70%        N/A       1%          2
 Searing Ray              Conj           100%       2d8       1%          2
 Dazzling Flash           Conj/Hex       74%        N/A       1%          3
 Fulminant Prism          Conj/Hex       18%        3d11      1%          4
 Agony                    Necr           55%        N/A       1%          5
 Poisonous Vapours        Pois/Air       24%        N/A       2%          2
 Petrify                  Tmut/Erth      58%        N/A       2%          4
 Beastly Appendage        Tmut           32%        N/A       3%          1
 Ignite Poison            Fire/Tmut/Pois 13%        N/A       4%          3
 Wereblood                Tmut           16%        N/A       5%          2
 Blink                    Tloc           24%        N/A       9%          2
 Spider Form              Tmut/Pois      14%        N/A       13%         3
 Gell's Gravitas          Tloc           12%        N/A       16%         3
 Lesser Beckoning         Tloc           12%        N/A       16%         3
 Teleport Other           Tloc           12%        N/A       16%         3
 Alistair's Intoxication  Tmut/Pois      9%         N/A       77%         5
 Eringya's Noxious Bog    Tmut/Pois      7%         N/A       82%         6
 Manifold Assault         Tloc           12%        N/A       83%         5
 Silence                  Hex/Air        6%         N/A       83%         5
 Dispersal                Tloc           6%         N/A       100%        6


Dungeon Overview and Level Annotations

Branches:
Dungeon (13/15)            Temple (1/1) D:7            Lair (6/6) D:11
  Swamp (0/4) Lair:4       Spider (0/4) Lair:4        Slime (0/5) Lair:6
    Orc (0/2) D:12          Sewer (visited)           IceCv (visited)
 Vaults: D:13-14

Altars:
Ashenzari
Cheibriados
Dithmenos
Elyvilon
Fedhas
Gozag
Hepliaklqana
Kikubaaqudgha
Makhleb
Nemelex Xobeh
Okawaru
Qazlal
Ru
Sif Muna
Trog
Uskayaw
Vehumet
Wu Jian
Xom
Yredelemnul
Zin
The Shining One
Beogh

Shops:
D:2 [   D:5 !

Annotations:
D:3 3 runed translucent doors, pigah's ghost, novice OpAE
D:5 Eustachio
D:6 3 runed translucent doors, Universalshroom's ghost, novice MiFi


Innate Abilities, Weirdness & Mutations

You can spit globs of acid.
Your golden yellow scales are hard. (AC +8)
You cannot fit into any form of body armour.
You have acidic saliva.
You are cold-blooded and may be slowed by cold attacks.
You are resistant to acid. (rCorr)


Message History

Casting: Borgnjor's Vile Clutch (mildly dangerous; 1% risk of failure)
Confirm with . or Enter, or press ? or * to list all spells.
Aiming: Stone Arrow (safe; 1% risk of failure)
Press: ? - help, Shift-Dir - straight line, f/p - tengu reaver
Aim: a tengu reaver, wielding a +0 great sword and wearing a +0 ring mail (lightly wounded, constricted by zombie hands, 98% to hit)
Okay, then.
Casting: Stone Arrow (safe; 1% risk of failure)
Confirm with . or Enter, or press ? or * to list all spells.
Aiming: Freezing Cloud (dangerous; 8% risk of failure)
Press: ? - help, Dir - move target, p - tengu reaver The zombie hands constrict the tengu reaver.
You feel very sick.
The tengu reaver is engulfed in freezing vapours.
The tengu reaver struggles to escape constriction.
Unknown command.
Casting: Freezing Cloud (dangerous; 8% risk of failure)
Confirm with . or Enter, or press ? or * to list all spells.
Aiming: Stone Arrow (safe; 1% risk of failure)
Press: ? - help, Shift-Dir - straight line, f - tengu reaver
Aim: a tengu reaver, wielding a +0 great sword and wearing a +0 ring mail (freezing vapour, moderately wounded, constricted by zombie hands, 98% to hit)
You feel a surge of power!
The stone arrow hits the tengu reaver!
The tengu reaver is heavily wounded.
The zombie hands constrict the tengu reaver!!
You feel very sick.
The tengu reaver is engulfed in freezing vapours.
The tengu reaver escapes!
You feel a surge of power!
Zombie hands grab the tengu reaver.
The zombie hands constrict the tengu reaver.
You feel sick.
The tengu reaver is engulfed in freezing vapours.
The tengu reaver gestures at you while chanting.
The bolt of poison hits you!!
You are more poisoned.
The zombie hands constrict the tengu reaver.
You feel very sick.
The tengu reaver is engulfed in freezing vapours.
The tengu reaver points at you and mumbles some strange words.
The bolt of negative energy hits you!!!
You feel drained.
You die...

#................# #.
#..############..# #.
#''# #### #..# #.
##..###..## #..# #)
#....#§§§.# #..######)
#....#§§§.# #.........
##..###Q§## #.........
#''# #''#######.........
##.)###.@##..............
#....')†..#..............
#....'....######.........
##.†###..## #.........
#### #### #.........
#######.........
#...............
#...............
#######.........


You could see a tengu reaver (clutched).

Vanquished Creatures
  Kirke (Lair:3)
  Gastronok (D:8)
  Josephine (Lair:4)
  7 hydras
  2 boulder beetles
  2 catoblepae (Lair:6)
  15 death yaks
  A deep troll shaman (Lair:6)
  A tengu warrior (D:13)
  5 skeletal warriors
  2 deep elf pyromancers
  A lindwurm (Lair:6)
  2 ugly things
  2 manticores
  2 cyclopes
  18 elephants
  An ice statue (IceCv)
  A black mamba (Lair:6)
  2 gargoyles
  3 cane toads
  2 unseen horrors
  2 rime drakes
  Maggie (D:6)
  2 kobold demonologists
  7 komodo dragons
  A tengu conjurer (D:13)
  An entropy weaver simulacrum (IceCv)
  3 polar bears
  3 trolls
  A meliai (Lair:4)
  A queen bee (D:11)
  11 slime creatures (D:12)
  A hornet (D:9)
  36 blink frogs
  A vampire (D:12)
  5 wraiths
  A shadow (D:7)
  39 yaks
  2 wyverns
  A death yak simulacrum (IceCv)
  4 basilisks
  2 steam dragons
  16 water moccasins
  A swamp drake (D:11)
  4 orc warriors
  Pargi (Sewer)
  3 black bears
  3 ogres
  3 necrophages
  18 wolves
  7 centaurs
  A kobold brigand (D:11)
  2 gnoll sergeants
  10 bullfrogs
  A wyvern zombie (D:6)
  A water moccasin zombie (D:5)
  2 scorpions
  24 killer bees
  15 wights
  6 howler monkeys
  2 electric eels
  2 centaur zombies (D:9)
  8 orc priests
  A centaur skeleton (D:6)
  2 hounds
  4 jellies
  2 gnoll shamans
  A bullfrog skeleton (D:5)
  Jessica (D:3)
  4 iguanas
  13 orc wizards
  A polar bear simulacrum (IceCv)
  A killer bee zombie (D:8)
  A hound skeleton (D:2)
  24 gnolls
  7 adders
  2 white imps
  An ufetubus (D:5)
  2 worms
  3 dart slugs
  37 orcs
  9 ball pythons
  5 bats
  11 endoplasms
  7 giant cockroaches
  5 goblins
  5 hobgoblins
  11 jackals
  8 kobolds
  5 quokkas
  8 frilled lizards
  3 rats
511 creatures vanquished.

Vanquished Creatures (collateral kills)
  An ugly thing (IceCv)
  An ice statue (IceCv)
2 creatures vanquished.

Vanquished Creatures (others)
  A death yak (Lair:6)
  2 humans (Lair:4)
  A bush (Lair:6)
  64 fungi
  146 plants
214 creatures vanquished.

Grand Total: 727 creatures vanquished

Notes
Turn   | Place    | Note
-------+----------+-------------------------------------------
     0 | D:1      | siradein the Draconian Earth Elementalist began the quest
                  | for the Orb.
     0 | D:1      | Reached XP level 1. HP: 14/14 MP: 3/3
   235 | D:1      | Reached XP level 2. HP: 20/20 MP: 1/5
  1295 | D:2      | Found Faffe's Antique Armour Emporium.
  1436 | D:2      | Found a faded altar of an unknown god.
  1450 | D:2      | Reached XP level 3. HP: 26/26 MP: 7/7
  1489 | D:2      | Learned a level 3 spell: Stone Arrow
  1492 | D:2      | Learned a level 2 spell: Passwall
  1755 | D:2      | Reached skill level 4 in Earth Magic
  2094 | D:2      | Reached XP level 4. HP: 28/33 MP: 8/8
  2492 | D:3      | Found a stormy altar of Qazlal.
  2494 | D:3      | Noticed Jessica
  2507 | D:3      | Killed Jessica
  3178 | D:3      | Reached XP level 5. HP: 34/38 MP: 10/10
  3832 | D:3      | Found a runed translucent gate.
  3832 | D:3      | Found a runed translucent gate.
  3832 | D:3      | Found a runed translucent gate.
  3837 | D:3      | Noticed pigah's ghost (novice OpAE)
  3997 | D:4      | Found a glowing drain.
  4031 | Sewer    | Entered a sewer
  4203 | Sewer    | Noticed Pargi
  4221 | Sewer    | Killed Pargi
  4222 | Sewer    | Reached skill level 5 in Earth Magic
  4222 | Sewer    | Reached XP level 6. HP: 26/45 MP: 12/12
  5134 | D:5      | Entered Level 5 of the Dungeon
  5220 | D:5      | Noticed Eustachio
  5247 | D:5      | Found an iron altar of Okawaru.
  5492 | D:5      | Reached skill level 5 in Spellcasting
  5492 | D:5      | Reached skill level 6 in Earth Magic
  5492 | D:5      | Your scales start taking on a golden yellow colour.
  5492 | D:5      | Reached XP level 7. HP: 45/50 MP: 14/14
  5492 | D:5      | Gained mutation: You are resistant to acid. (rCorr) [Yellow
                  | Draconian growth]
  5589 | D:5      | Reached skill level 1 in Conjurations
  5671 | D:5      | Found Weationn's Distillery.
  6039 | D:5      | Bought a potion of degeneration for 12 gold pieces
  6039 | D:5      | Bought a potion of heal wounds for 60 gold pieces
  6039 | D:5      | Bought a potion of curing for 36 gold pieces
  6811 | D:6      | Noticed Maggie
  6819 | D:6      | Killed Maggie
  6820 | D:6      | Reached skill level 7 in Earth Magic
  6820 | D:6      | Reached XP level 8. HP: 26/57 MP: 7/17
  7438 | D:6      | Found a runed translucent gate.
  7438 | D:6      | Found a runed translucent gate.
  7438 | D:6      | Found a runed translucent gate.
  7439 | D:6      | Found an opulent altar of Gozag.
  7489 | D:6      | Noticed Universalshroom's ghost (novice MiFi)
  7489 | D:6      | Noticed a kobold demonologist
  8011 | D:7      | Learned a level 5 spell: Borgnjor's Vile Clutch
  8202 | D:7      | Reached skill level 1 in Necromancy
  8204 | D:7      | Reached skill level 5 in Conjurations
  8279 | D:7      | Found a staircase to the Ecumenical Temple.
  8298 | Temple   | Entered the Ecumenical Temple
  8471 | Temple   | Became a worshipper of Vehumet
  8518 | D:7      | Reached skill level 8 in Earth Magic
  8518 | D:7      | Reached XP level 9. HP: 62/62 MP: 19/19
  8840 | D:7      | Noticed a cyclops
  8871 | D:7      | Killed a cyclops
  9316 | D:8      | Reached * piety under Vehumet
  9316 | D:8      | Offered knowledge of Foxfire by Vehumet.
 10053 | D:8      | Noticed Gastronok
 10064 | D:8      | Killed Gastronok
 10065 | D:8      | Reached skill level 9 in Earth Magic
 10065 | D:8      | Reached XP level 10. HP: 69/69 MP: 13/22
 10314 | D:9      | Upgraded the game from 0.29-a0-22-gbf593b16ee to
                  | 0.29-a0-23-ga79f92ac9c
 10838 | D:9      | Reached skill level 5 in Necromancy
 11760 | D:10     | Entered Level 10 of the Dungeon
 11848 | D:10     | Offered knowledge of Shock by Vehumet.
 11868 | D:10     | Reached ** piety under Vehumet
 11984 | D:10     | Noticed an orange demon
 12117 | D:9      | Noticed a soul eater
 12265 | D:10     | Noticed a deep elf pyromancer
 12270 | D:10     | Killed a deep elf pyromancer
 12336 | D:10     | Reached skill level 10 in Earth Magic
 12959 | D:11     | Reached XP level 11. HP: 74/74 MP: 14/24
 13989 | D:11     | Found a staircase to the Lair.
 15313 | Lair:1   | Entered Level 1 of the Lair of Beasts
 15327 | Lair:1   | Offered knowledge of Inner Flame by Vehumet.
 16409 | Lair:2   | Reached skill level 11 in Earth Magic
 16482 | Lair:2   | Noticed a five-headed hydra
 16496 | Lair:2   | Killed a five-headed hydra
 16584 | Lair:2   | Reached skill level 10 in Spellcasting
 16599 | Lair:2   | Noticed a seven-headed hydra
 16609 | Lair:2   | Killed a seven-headed hydra
 16614 | Lair:2   | Reached *** piety under Vehumet
 16918 | Lair:2   | Reached XP level 12. HP: 81/81 MP: 24/26
 16972 | Lair:2   | Learned a level 3 spell: Mephitic Cloud
 16978 | Lair:2   | Learned a level 5 spell: Freezing Cloud
 17061 | Lair:2   | Offered knowledge of Hailstorm by Vehumet.
 17746 | Lair:3   | Found a frozen archway.
 17757 | IceCv    | Entered an ice cave
 17765 | IceCv    | Reached skill level 10 in Conjurations
 17856 | IceCv    | Found a transporter.
 17866 | IceCv    | Found a transporter.
 17894 | IceCv    | HP: 2/81 [ice beast[an ice statue] (7)]
 19449 | Lair:3   | Reached skill level 12 in Earth Magic
 19809 | Lair:4   | Noticed a four-headed hydra
 19811 | Lair:4   | Noticed Josephine
 19829 | Lair:3   | Reached skill level 1 in Fighting
 20088 | Lair:4   | Found a staircase to the Swamp.
 20093 | Lair:4   | Killed Josephine
 20094 | Lair:4   | Reached skill level 1 in Evocations
 20097 | Lair:4   | Reached **** piety under Vehumet
 20108 | Lair:4   | Killed a four-headed hydra
 20109 | Lair:4   | Noticed Kirke
 20708 | Lair:3   | Killed Kirke
 21093 | Lair:4   | Offered knowledge of Conjure Flame by Vehumet.
 21293 | Lair:4   | Reached XP level 13. HP: 93/93 MP: 23/28
 21351 | Lair:4   | Found a hole to the Spider Nest.
 23244 | Lair:5   | Reached ***** piety under Vehumet
 23819 | Lair:6   | Entered Level 6 of the Lair of Beasts
 23927 | Lair:6   | Offered knowledge of Lee's Rapid Deconstruction by Vehumet.
 23941 | Lair:5   | Learned a level 5 spell: Lee's Rapid Deconstruction
 24081 | Lair:6   | Reached skill level 10 in Necromancy
 24986 | Lair:6   | Reached skill level 5 in Fighting
 25241 | Lair:6   | Found a staircase to the Slime Pits.
 25297 | Lair:6   | Reached skill level 13 in Earth Magic
 25469 | Lair:5   | Reached skill level 5 in Evocations
 25652 | Lair:6   | Gained mutation: You have acidic saliva. [Yellow Draconian
                  | growth]
 25652 | Lair:6   | Reached XP level 14. HP: 107/107 MP: 12/29
 29196 | D:12     | You fall into a shaft and drop 1 floor!
 30035 | D:12     | Found a staircase to the Orcish Mines.
 30516 | D:12     | Noticed a tengu reaver
 30655 | D:12     | Killed from afar by a tengu reaver

Illustrated notes

Levels and vault maps discovered:
D:1:      tarquinn_simple_flora_water_f, layout_basic
D:2:      layout_loops_corners, serial_shops, nicolae_shop_trees,
          hellmonk_ecumenical_altar_heavens_door
D:3:      layout_rooms, mainiacjoe_overflow_alcove_2,
          gammafunk_ghost_necromancy, hangedman_decor_slide_cut, uniq_jessica
D:4:      layout_loops_ring, gup_sewer_entry_glass, st_stairs_6
D:5:      layout_loops_corners, okawaru_altar_gauntlet_db, serial_shops,
          nicolae_shop_statue_plus, uniq_eustachio
D:6:      layout_loops_ring, ebering_ghost_gozag, hangedman_decor_opposing,
          uniq_maggie
D:7:      minmay_chambers_of_fours, layout_cave_pools,
          minmay_temple_entry_large_hall
D:8:      layout_loops_ring, uniq_gastronok
D:9:      layout_irregular_city, minmay_splitting_lines
D:10:     layout_rooms, minmay_microvault
D:11:     layout_basic, erik_lair_dragon, special_room [special_room_bee],
          chequers_serial_rivers_small_a, grunt_ministairs_11
D:12:     layout_small_grid, minmay_orc_entry_temple_small, serial_shops,
          kennysheep_mini_moat, kennysheep_four_rooms
D:13:     layout_cave_pools, serial_shops, nicolae_shop_window_shopping,
          serial_bayou, serial_bayou_pond_b, serial_bayou_lagoon_a,
          serial_bayou_crossing, serial_bayou_ford_a,
          pdpol_wu_jian_five_deadly_venoms
Temple:   regret_index_temple_chain_breaker
Lair:1:   layout_cave_pods, special_room
Lair:2:   layout_misc_corridors, chequers_serial_rivers_micro_e, st_stairs_13
Lair:3:   layout_regular_city, portal_ice_cave_entry_pillars_2,
          gammafunk_lair_bear_cave
Lair:4:   layout_layer_cave, swamp_mist, hellmonk_spider_entry_not_the_bees,
          uniq_kirke, uniq_josephine
Lair:5:   layout_cellular_growth, grunt_megastairs_3, lemuel_fruit_tree,
          serial_bayou_shore_a
Lair:6:   grunt_lair_end_beastmaster, layout_loops_ring,
          nicolae_slime_entry_slimehenge, wad_woods_road_05

Skill      XL: |  1  2  3  4  5  6  7  8  9 10 11 12 13 14 |
---------------+-------------------------------------------+-----
Spellcasting   | 3 4 5 6 8 9 10 11 12 | 12.4
Earth Magic    | 4 5 6 7 8 9 10 11 12 13 | 13.7
Conjurations   | 3 5 6 8 9 10 11 12 | 12.3
Necromancy     | 1 4 6 8 9 10 11 | 11.3
Fighting       | 2 5 7 |  7.2
Evocations     | 2 5 6 |  6.7
Dodging        | |  1.7
Stealth        | |  1.7
Transmutations | |  1.0

Action                   |  1- 3 |  4- 6 |  7- 9 | 10-12 | 13-15 || total
-------------------------+-------+-------+-------+-------+-------++-------
Melee: Short sword       |    68 |   158 |     2 |       |       ||   228
       Unarmed           |     6 |       |       |       |       ||     6
       Tailslap          |    10 |    20 |     1 |     2 |       ||    33
       Punch             |     1 |       |       |       |       ||     1
       Flail             |       |    10 |       |       |       ||    10
       Staff             |       |       |       |    13 |     2 ||    15
 Cast: Sandblast         |    18 |    46 |    14 |     2 |     4 ||    84
       Stone Arrow       |       |       |    86 |    94 |    49 ||   229
       Passwall          |       |       |     2 |       |       ||     2
       Borgnjor's Vile C |       |       |       |   181 |   199 ||   380
       Freezing Cloud    |       |       |       |     1 |    66 ||    67
       Mephitic Cloud    |       |       |       |     1 |       ||     1
 Abil: Breathe Acid      |       |       |    28 |    25 |     8 ||    61
  Use: Scroll            |       |       |     5 |    13 |     3 ||    21
       Potion            |       |       |       |       |     1 ||     1
 Stab: Sleeping          |     2 |     2 |       |       |       ||     4
Armor: Skin              |    29 |    76 |    11 |    63 |    63 ||   242
Dodge: Dodged            |    47 |   131 |    23 |    89 |   112 ||   402

Table legend: (Time is in decaauts)
 A = Elapsed time spent in this place.
 B = Non-inter-level travel time spent in this place.
 C = Inter-level travel time spent in this place.
 D = Time resting spent in this place.
 E = Time spent auto-exploring this place.
 F = Levels seen in this place.
 G = Mean time per level.
                   A        B        C        D        E       F      G
               +--------+--------+--------+--------+--------+-----+--------+
         Total |  30804 |  29932 |    872 |   4292 |  20543 |  22 | 1400.2 |
       Dungeon |  17283 |  16646 |    637 |   2010 |  11638 |  13 | 1329.5 |
        Temple |    185 |    185 |      0 |      0 |    140 |   1 |  185.0 |
          Lair |  12036 |  11802 |    234 |   1661 |   8342 |   6 | 2006.0 |
         Sewer |    466 |    466 |      0 |      0 |    333 |   1 |  466.0 |
      Ice Cave |    831 |    831 |      0 |    620 |     89 |   1 |  831.0 |
               +--------+--------+--------+--------+--------+-----+--------+

Top non-repeatable levels by time:
  Lair:5: 3344 daAuts
    D:11: 2883 daAuts
  Lair:6: 2433 daAuts
  Lair:3: 2176 daAuts
     D:5: 1879 daAuts
     D:2: 1813 daAuts
  Lair:4: 1776 daAuts
     D:8: 1485 daAuts
    D:12: 1473 daAuts
     D:9: 1416 daAuts
  Lair:2: 1341 daAuts
     D:1: 1195 daAuts
  Lair:1: 963 daAuts
     D:7: 921 daAuts
     D:6: 916 daAuts
